Map: Cerulean Fall LE

Players

Cham

  • Race: Zerg Zerg
  • League: Grandmaster
  • Spawn Location: 1:00

IIIIIIIIIII - Winner!

  • Race: Zerg Zerg
  • League: Master
  • Spawn Location: 7:00

VOD

Have the link to the VOD?

Description

Time

  • Played on: Jan. 17, 2019, 5:54 p.m.
  • Length: 12:48
Show
View Real Time Build Order
Export as new Build Order

Cham Zerg 

Build Orders: Hatch First 

Get SALT Encoding   

  12  0:01  Drone  
  13  0:08  Drone  
  14  0:17  Overlord  
  14  0:39  Drone x2  
  16  0:50  Hatchery  
  16  0:53  Drone  
  16  0:56  Drone  
  17  1:12  Extractor  
  17  1:13  Spawning Pool  
  17  1:14  Drone  
  16  1:19  Drone  
  16  1:25  Drone  
  18  1:34  Drone  
  19  1:48  Overlord  
  19  1:54  Drone  
  20  2:01  Queen  
  20  2:03  Queen  
  20  2:05  Zergling x4  
  26  2:11  Metabolic Boost  
  26  2:16  Drone  
  26  2:18  Drone  
  28  2:23  Drone  
  28  2:26  Drone  
  30  2:42  Hatchery  
  29  2:44  Drone x2  
  31  2:53  Baneling Nest  
  31  2:54  Drone  
  31  2:56  Drone  
  31  2:57  Zergling x2  
  33  3:03  Overlord  
  33  3:07  Drone  
  33  3:08  Drone  
  33  3:11  Zergling x2  
  36  3:15  Overlord  
  36  3:24  Drone x3, Zergling x2  
  40  3:27  Drone  
  40  3:29  Drone  
  41  3:37  Drone x2  
  43  3:43  Queen  
  43  3:44  Drone  
  43  3:45  Drone  
  43  3:46  Drone  
  43  3:47  Baneling  
  48  3:48  Baneling  
  48  3:49  Zergling x2  
  48  3:51  Drone  
  48  3:53  Drone  
  48  3:55  Drone  
  52  3:57  Drone  
  52  3:59  Drone  
  54  4:03  Overlord  
  54  4:05  Drone  
  54  4:06  Drone  
  56  4:12  Drone  
  56  4:15  Drone  
  57  4:17  Overlord  
  57  4:20  Roach Warren  
  57  4:21  Drone x2  
  57  4:24  Drone x3  
  60  4:25  Extractor  
  60  4:26  Drone, Extractor  
  60  4:27  Drone  
  61  4:32  Drone x2  
  61  4:34  Lair  
  61  4:37  Drone  
  64  4:50  Extractor  
  63  4:53  Drone  
  63  4:54  Drone x5  
  63  4:55  Overlord  
  63  4:57  Drone  
  63  4:58  Drone x4  
  74  5:00  Evolution Chamber  
  74  5:02  Extractor  
  74  5:03  Drone x2, Extractor  
  73  5:13  Drone x2, Hatchery  
  74  5:15  Overlord  
  74  5:18  Drone x2  
  75  5:22  Roach x3  
  75  5:23  Overlord  
  81  5:29  Overlord  
  81  5:30  Zerg Missile Weapons Level 1  
  81  5:34  Drone, Spire  
  81  5:35  Glial Reconstitution  
  81  5:37  Roach  
  81  5:41  Roach x3  
  89  5:43  Overlord  
  89  5:45  Roach  
  89  5:47  Roach  
  93  5:50  Overlord  
  93  5:55  Roach  
  93  5:56  Roach  
  97  5:58  Roach x3  
  97  5:59  Roach  
  97  6:01  Overlord  
  105  6:04  Roach  
  105  6:05  Roach  
  105  6:07  Overlord  
  105  6:09  Overlord  
  109  6:16  Roach  
  109  6:17  Roach x3  
  109  6:18  Overlord  
  117  6:21  Roach  
  119  6:37  Overlord, Roach x2  
  119  6:38  Roach x2  
  127  6:46  Mutalisk x3  
  131  6:48  Mutalisk x3  
  131  6:54  Mutalisk  
  138  7:05  Overlord x2  
  138  7:06  Overlord  
  138  7:08  Roach  
  140  7:21  Drone x3  
  141  7:25  Roach x10  
  161  7:30  Overlord  
  161  7:33  Overlord x2, Zerg Missile Weapons Level 2  
  161  7:36  Ravager x3  
  164  7:40  Roach  
  164  7:41  Roach  
  168  7:45  Roach x2  
  156  7:59  Roach  
  156  8:00  Roach x4  
  153  8:06  Roach x5  
  153  8:11  Roach x6  
  153  8:12  Roach x2  
  179  8:19  Roach  
  173  8:20  Roach  
  173  8:21  Roach  
  173  8:22  Roach  
  162  8:31  Roach x3  
  162  8:32  Roach  
  161  8:34  Roach  
  161  8:39  Roach  
  161  8:40  Roach x2  
  161  8:41  Roach  
  161  8:45  Roach  
  161  8:48  Roach  
  157  8:50  Roach  
  157  8:52  Queen x3  
  161  9:00  Roach x4  
  137  9:14  Roach x2  
  137  9:15  Roach x4  
  137  9:16  Roach x4  
  145  9:20  Roach x2  
  145  9:21  Roach x2  
  145  9:22  Roach x2  
  143  9:27  Roach x2  
  143  9:28  Roach  
  143  9:29  Roach  
  143  9:30  Roach x4  
  155  9:38  Roach x2  
  155  9:39  Roach x3  
  155  9:45  Roach x3  
  169  9:49  Roach  
  171  9:53  Roach x2  
  171  9:59  Roach x2  
  177  10:02  Roach x2  
  177  10:03  Roach x3  
  177  10:04  Roach  
  177  10:09  Roach x3  
  177  10:14  Roach  
  177  10:15  Roach x4  
  177  10:16  Roach  
  177  10:18  Roach  
  169  10:22  Extractor  
  169  10:23  Extractor  
  169  10:26  Roach x4  
  163  10:29  Roach  
  163  10:31  Roach  
  147  10:36  Roach  
  147  10:40  Roach x2  
  141  10:44  Spine Crawler  
  141  10:45  Roach  
  140  10:51  Roach x2  
  140  10:56  Roach  
  144  11:03  Roach  
  146  11:09  Overlord x2  
  146  11:14  Hatchery  
  111  11:26  Roach x5  
  111  11:30  Roach x4  
  97  11:37  Roach x4  
  98  11:44  Roach  
  86  11:48  Roach  
  86  11:52  Roach  
  76  11:57  Roach  
  76  11:59  Roach x3  
  75  12:05  Roach x2  
  75  12:06  Roach x2  
  75  12:07  Queen  
  83  12:11  Roach  
  85  12:16  Ravager  
  85  12:22  Roach  
  90  12:29  Roach x2  
Show
View Real Time Build Order
Export as new Build Order

IIIIIIIIIII Zerg - Winner!

Build Orders: Hatch First 

Get SALT Encoding   

  12  0:00  Drone  
  13  0:13  Overlord  
  13  0:18  Drone  
  14  0:31  Drone x2  
  16  0:48  Hatchery  
  15  0:51  Drone  
  15  0:55  Drone  
  17  0:58  Drone  
  18  1:08  Extractor  
  17  1:14  Spawning Pool  
  17  1:17  Drone  
  17  1:20  Drone  
  18  1:29  Drone  
  19  1:39  Drone  
  20  1:53  Drone  
  21  2:00  Drone  
  21  2:01  Overlord, Queen x2  
  26  2:10  Metabolic Boost  
  26  2:11  Drone  
  26  2:12  Drone  
  28  2:24  Zergling x4  
  30  2:34  Hatchery  
  30  2:36  Drone  
  30  2:39  Zergling x2  
  30  2:43  Drone x2  
  33  2:53  Baneling Nest  
  33  2:54  Overlord  
  33  2:56  Drone  
  33  3:06  Drone  
  33  3:10  Drone  
  33  3:11  Zergling x2  
  36  3:13  Zergling x2  
  36  3:14  Drone x2  
  36  3:15  Drone x2  
  41  3:21  Overlord  
  41  3:23  Drone  
  42  3:32  Drone  
  41  3:36  Drone  
  41  3:37  Queen  
  41  3:38  Evolution Chamber  
  43  3:44  Drone x3  
  43  3:47  Drone x3  
  49  3:50  Zergling x4  
  49  3:53  Baneling x2  
  49  3:54  Drone  
  52  3:59  Overlord  
  52  4:01  Drone  
  53  4:04  Extractor  
  53  4:05  Zerg Missile Weapons Level 1, Extractor  
  53  4:06  Drone  
  53  4:07  Drone  
  53  4:11  Drone x2  
  53  4:15  Overlord  
  53  4:16  Drone x2  
  56  4:17  Drone  
  56  4:19  Drone  
  56  4:20  Drone  
  56  4:21  Drone  
  60  4:26  Drone x2  
  61  4:34  Drone x2  
  61  4:35  Roach Warren  
  61  4:36  Lair  
  62  4:43  Drone x2  
  64  4:49  Pneumatized Carapace  
  64  4:50  Drone x6  
  70  4:54  Drone x2  
  70  4:57  Extractor, Overlord  
  70  4:59  Drone  
  72  5:01  Drone  
  72  5:06  Extractor  
  72  5:07  Extractor  
  72  5:10  Drone x3  
  73  5:15  Overlord  
  73  5:20  Drone x2  
  75  5:23  Roach  
  75  5:24  Roach x2  
  81  5:32  Overlord  
  81  5:33  Glial Reconstitution, Hatchery  
  81  5:34  Overlord  
  80  5:36  Overseer  
  80  5:37  Overlord  
  80  5:38  Drone  
  80  5:40  Overlord  
  80  5:41  Roach x2  
  80  5:42  Roach x2  
  89  5:48  Evolution Chamber  
  88  5:51  Roach  
  88  5:52  Roach x2  
  88  5:53  Overlord  
  88  5:54  Overlord  
  88  5:56  Baneling x2  
  94  6:02  Drone  
  94  6:03  Roach  
  94  6:04  Spire  
  96  6:06  Overlord  
  96  6:09  Roach x2  
  100  6:14  Roach x3  
  100  6:17  Zerg Missile Weapons Level 2  
  106  6:21  Roach x2  
  106  6:24  Zerg Ground Armor Level 1  
  110  6:28  Roach x2  
  110  6:29  Roach  
  116  6:35  Roach x3  
  122  6:42  Roach x4  
  122  6:44  Overlord  
  130  6:48  Overlord  
  130  7:05  Overlord  
  129  7:17  Corruptor x7  
  129  7:20  Queen  
  129  7:22  Drone  
  145  7:23  Spore Crawler  
  145  7:24  Drone, Spore Crawler  
  145  7:25  Corruptor  
  146  7:30  Roach x2  
  146  7:31  Roach x2  
  146  7:35  Roach x2  
  158  7:40  Overlord  
  158  7:42  Overlord  
  158  7:43  Roach x2  
  162  7:46  Overlord  
  162  7:50  Overlord  
  162  7:56  Roach x5  
  148  7:59  Roach  
  148  8:00  Roach  
  148  8:05  Roach x3  
  146  8:08  Roach  
  146  8:09  Roach  
  146  8:10  Roach  
  144  8:15  Roach x3  
  144  8:19  Roach x2  
  145  8:21  Roach  
  145  8:25  Roach  
  129  8:32  Roach x3  
  121  8:35  Roach  
  116  8:41  Roach  
  116  8:42  Roach  
  116  8:43  Roach  
  116  8:45  Ravager  
  116  8:46  Ravager x2  
  125  8:49  Roach x2  
  125  8:51  Ravager  
  125  8:53  Roach  
  132  9:00  Roach  
  132  9:02  Roach x4  
  131  9:06  Roach  
  131  9:08  Roach x2  
  128  9:11  Roach  
  128  9:14  Roach  
  128  9:16  Roach  
  123  9:19  Roach  
  114  9:25  Roach x2  
  114  9:30  Roach x2  
  122  9:33  Ravager  
  122  9:36  Roach x2  
  127  9:39  Roach  
  127  9:41  Ravager  
  127  9:43  Roach  
  132  9:49  Roach x2  
  132  9:51  Roach  
  132  9:52  Roach  
  138  9:59  Roach x3  
  140  10:04  Roach x2  
  142  10:11  Roach x3  
  135  10:16  Roach x2  
  135  10:21  Roach x3  
  141  10:23  Roach  
  141  10:28  Roach x2  
  137  10:32  Roach  
  137  10:35  Roach  
  132  10:44  Roach x3  
  132  10:49  Roach  
  140  10:50  Ravager  
  141  10:59  Drone x3  
  141  11:04  Ravager  
  145  11:05  Ravager  
  145  11:06  Roach  
  145  11:09  Roach x2  
  152  11:13  Roach  
  152  11:16  Roach x2  
  158  11:24  Roach x2  
  142  11:29  Roach x3  
  124  11:34  Roach  
  124  11:38  Roach x2  
  116  11:42  Roach  
  111  11:47  Roach x2  
  111  11:50  Roach  
  112  11:54  Ravager  
  112  11:58  Roach x2  
  107  12:04  Roach x2  
  107  12:06  Drone  
  112  12:11  Roach x2  
  112  12:13  Ravager  
  117  12:19  Roach x2  
  121  12:23  Roach  
  121  12:24  Roach  
  121  12:29  Roach  
Tags
 
Add a new tag
Caveats
  • Supply blocks, unpowered buildings, or Contaminate may cause inaccurate times.
  • Supply counts are checked every 10 seconds.